 Dungeon Crawl Stone Soup version 0.31-a0-154-g56bf346678 (webtiles) character file.

Game seed: 7724576596815118650

1334 jasper the Caller (level 8, -18/39 HPs)
             Began as a Spriggan Summoner on June 11, 2023.
             Was a Believer of the Shining One.
             Killed from afar by a steam dragon (28 damage)
             ... with a ball of steam
             ... on level 6 of the Dungeon.
             The game lasted 00:12:52 (6832 turns).

jasper the Caller (Spriggan Summoner)               Turns: 6832, Time: 00:12:53

Health: -18/39     AC:  2    Str:  4    XL:     8   Next: 35%
Magic:  3/13       EV: 16    Int: 18    God:    the Shining One [**....]
Gold:   384        SH:  5    Dex: 16    Spells: 2/13 levels left

rFire   . . .        t - +5 short sword
rCold   . . .        h - +0 buckler
rNeg    + . .        a - +0 robe
rPois   .            (helmet restricted)
rElec   .            (no cloak)
rCorr   .            (gloves unavailable)
SInv    +            (boots unavailable)
Will    +....        (no amulet)
Stlth   +            (no ring)
HPRegen 0.26/turn    (no ring)
MPRegen 0.13/turn

%: no passive effects
@: glowing, very quick
A: very small, no large weapons, unfitting armour, see invisible, speed 3
a: Renounce Religion, Divine Shield


You were on level 6 of the Dungeon.
You worshipped the Shining One.
The Shining One was pleased with you.
You visited 2 branches of the dungeon, and saw 7 of its levels.

You collected 384 gold pieces.

Inventory:

Hand Weapons
 c - a +0 club
 d - a +0 short sword
 p - a +0 arbalest
 t - a +5 short sword (weapon)
 w - a +1 flail of holy wrath
Missiles
 q - 15 poisoned darts
Armour
 a - a +0 robe (worn)
 e - +1 fire dragon scales
 g - a scarf of harm
 h - a +0 buckler (worn)
Jewellery
 x - a ring of positive energy
Wands
 l - a wand of roots (9)
 o - a wand of flame (22)
 s - a wand of charming (14)
 y - a wand of digging (5)
 z - a wand of light (9)
Scrolls
 f - a scroll of teleportation
 m - 2 scrolls of vulnerability
 v - 2 scrolls of fog
Potions
 b - a potion of magic
 i - a potion of haste
 j - a potion of enlightenment {unknown}
 k - 2 potions of degeneration
 n - a potion of ambrosia
 r - 2 potions of mutation
 u - a potion of brilliance {unknown}
 A - a potion of curing


   Skills:
 - Level 2.4 Fighting
 - Level 2.6 Dodging
 - Level 3.0 Stealth
 + Level 4.9 Shields
 - Level 3.0 Spellcasting
 - Level 2.0 Hexes
 - Level 6.1 Summonings
 - Level 2.0 Air Magic


You had 2 spell levels left.
You knew the following spells:

 Your Spells              Type           Power      Damage    Failure   Level
a - Summon Small Mammal   Summ           96%        N/A       2%          1
b - Summon Lightning Spi  Summ/Air       17%        N/A       50%         4
c - Call Canine Familiar  Summ           24%        N/A       7%          3
d - Summon Guardian Gole  Hex/Summ       17%        N/A       17%         3

Your spell library contained the following spells:

 Spells                   Type           Power      Damage    Failure   Level
 Call Imp                 Summ           48%        N/A       3%          2
 Magic Dart               Conj           8%         1d3       28%         1
 Searing Ray              Conj           4%         2d4       41%         2
 Summon Ice Beast         Ice/Summ       13%        N/A       63%         4
 Frozen Ramparts          Ice            4%         1d1       65%         3
 Hailstorm                Conj/Ice       2%         3d3       65%         3
 Fulminant Prism          Conj/Hex       3%         3d5       88%         4
 Ice Form                 Ice/Tmut       2%         N/A       96%         4
 Simulacrum               Ice/Necr       1%         N/A       100%        6


Dungeon Overview and Level Annotations

Branches:
Dungeon (6/15)             Temple (1/1) D:5

Altars:
Ashenzari
Dithmenos
Elyvilon
Fedhas
Hepliaklqana
Kikubaaqudgha
Makhleb
Okawaru
Qazlal
Ru
Sif Muna
Uskayaw
Vehumet
Wu Jian
Xom
Yredelemnul
Zin
The Shining One


Innate Abilities, Weirdness & Mutations

You are very small and have problems with some larger weapons.
You are too small for most types of armour.
You have supernaturally acute eyesight. (SInv)
You cover ground extremely quickly. (Speed+++)


Message History

Your hound bites the steam dragon.
The steam dragon bites your guardian golem.
The steam dragon claws your guardian golem but does no damage.
Your hound closely misses the steam dragon.
The steam dragon bites your guardian golem but does no damage.
The steam dragon claws your guardian golem but does no damage.
Your hound bites the steam dragon but does no damage.
Your hound bites the steam dragon.
The steam dragon barely misses your hound.
The steam dragon claws your hound but does no damage.
Your hound bites the steam dragon but does no damage.
The steam dragon bites your hound. The steam dragon claws your hound.
Your hound barely misses the steam dragon.
Your hound bites the steam dragon.
The steam dragon breathes steam at your hound.
The ball of steam hits your hound!
Your hound dies!
Your hound's corpse disappears in a puff of smoke!
Casting: Summon Guardian Golem (quite dangerous; 17% risk of failure)
Confirm with . or Enter, or press ? or * to list all spells.
The steam dragon hisses angrily.
The steam dragon bites your guardian golem.
The steam dragon claws your guardian golem but does no damage.
You now have 3/13 mp.
What are your orders? t - Shout!
Orders for allies: a - Attack new target. r - Retreat! s - Stop attacking. g - Guard the area. f - Follow me.
Anything else - Cancel.
Gang up on whom?
Press: ? - help, Dir - move target, f - steam dragon
Aim: a steam dragon (almost dead, ally target) Attack!
The steam dragon breathes steam at you.
The ball of steam hits your guardian golem!
Your guardian golem resists.
The ball of steam hits you!!
Ouch! That really hurt!
You die...

>...#....##
..........
...>..... ......#
##...# # #...##.#
#§§.Ds)# #h§9##.#
# ##@...### .#
#...#...#### ..#
#..........##.##.
#..#######........
#.. #.....#.. #..
##.......# #####
###.......##
#.###........##
#............#


You could see a steam dragon (catching breath, ally target), a scorpion, a
friendly guardian golem (summoned) and a friendly hound (summoned, sheltered).

Vanquished Creatures
  Edmund (D:5)
  A bullfrog (D:6)
  2 scorpions
  2 hounds (D:5)
  2 jellies
  A gnoll bouda (D:6)
  An iguana (D:5)
  Ijyb (D:4)
  6 gnolls
  4 adders
  A shadow imp (D:6)
  2 white imps (D:5)
  An ufetubus (D:4)
  A worm (D:3)
  2 dart slugs
  4 orcs (D:4)
  6 ball pythons
  2 bats
  4 endoplasms
  3 giant cockroaches
  13 goblins
  21 hobgoblins
  6 jackals
  2 quokkas
  7 kobolds
  3 rats
99 creatures vanquished.

Vanquished Creatures (collateral kills)
  Grinder (D:4)
  An ogre (D:5)
  A scorpion (D:5)
  2 jellies
  An iguana (D:5)
  6 gnolls
  8 adders
  A worm (D:2)
  A dart slug (D:4)
  5 orcs (D:4)
  3 ball pythons
  An endoplasm (D:2)
  14 goblins
  13 hobgoblins
  A jackal (D:5)
  5 kobolds
  2 bats
  2 rats
68 creatures vanquished.

Vanquished Creatures (others)
  A gnoll (D:6)
  A hobgoblin (D:5)
2 creatures vanquished.

Grand Total: 169 creatures vanquished

Notes
Turn   | Place    | Note
-------+----------+-------------------------------------------
     0 | D:1      | jasper the Spriggan Summoner began the quest for the Orb.
     0 | D:1      | Reached XP level 1. HP: 9/9 MP: 5/5
   311 | D:1      | Reached XP level 2. HP: 12/13 MP: 4/7
   314 | D:1      | Learned a level 2 spell: Call Imp
  1214 | D:2      | Reached skill level 4 in Summonings
  1364 | D:2      | Reached XP level 3. HP: 14/16 MP: 8/8
  1368 | D:2      | Learned a level 3 spell: Call Canine Familiar
  1882 | D:2      | Found a faded altar of an unknown god.
  1917 | D:2      | Prayed at the altar of an unknown god.
  1917 | D:2      | Became a worshipper of Elyvilon the Healer
  1917 | D:2      | Reached * piety under Elyvilon
  1988 | D:2      | Reached XP level 4. HP: 17/21 MP: 4/9
  2705 | D:3      | Found a shimmering altar of Xom.
  2707 | D:3      | Noticed an angel
  2711 | D:3      | Found a glowing silver altar of Zin.
  3149 | D:4      | Noticed Grinder
  3157 | D:4      | Paralysed by Grinder for 5 turns
  3174 | D:4      | Killed Grinder
  3175 | D:4      | Reached skill level 5 in Summonings
  3175 | D:4      | Reached XP level 5. HP: 14/26 MP: 5/10
  3175 | D:4      | Reached XP level 6. HP: 17/30 MP: 5/11
  3179 | D:4      | Learned a level 3 spell: Summon Guardian Golem
  3350 | D:4      | Reached ** piety under Elyvilon
  3451 | D:4      | Reached skill level 6 in Summonings
  3483 | D:4      | Noticed Ijyb
  3507 | D:4      | Killed Ijyb
  3695 | D:4      | Reached skill level 1 in Hexes
  4150 | D:4      | Learned a level 4 spell: Summon Lightning Spire
  4161 | D:5      | Entered Level 5 of the Dungeon
  4222 | D:5      | Found a staircase to the Ecumenical Temple.
  4249 | Temple   | Entered the Ecumenical Temple
  4396 | Temple   | Fell from the grace of Elyvilon
  4396 | Temple   | Became a worshipper of the Shining One
  4506 | D:5      | Reached skill level 1 in Air Magic
  4506 | D:5      | Reached XP level 7. HP: 35/35 MP: 6/12
  4615 | D:5      | Reached * piety under the Shining One
  5057 | D:5      | Reached skill level 1 in Shields
  5723 | D:5      | Noticed Edmund
  5734 | D:5      | Killed Edmund
  5735 | D:5      | Reached XP level 8. HP: 33/39 MP: 7/13
  6433 | D:6      | Found a basalt altar of Yredelemnul.
  6456 | D:6      | Found a shimmering blue altar of Sif Muna.
  6813 | D:6      | Reached ** piety under the Shining One
  6832 | D:6      | Killed from afar by a steam dragon

Illustrated notes

Levels and vault maps discovered:
D:1:      minmay_arrival_doors, layout_loops_corners, minmay_tree_intersection,
          grunt_decor_resistance
D:2:      layout_basic, ebering_ecumenical_altar_abandoned, st_stairs_3
D:3:      layout_basic, grunt_temple_overflow_order_and_chaos_1,
          chequers_serial_rivers_large_b
D:4:      layout_basic, uniq_ijyb, uniq_grinder
D:5:      minmay_goblin_kobold_castle, layout_rooms,
          minmay_temple_entry_sparse_star, roderic_filled_cross, uniq_edmund
D:6:      layout_layer_cave, mainiacjoe_overflow_catch_the_wave,
          minmay_divided_ellipse
Temple:   regret_index_temple_waves

Skill      XL: |  1  2  3  4  5  6  7  8 |
---------------+-------------------------+-----
Spellcasting   | 3 |  3.0
Summonings     | 4 5 6 |  6.1
Fighting       | 2 |  2.4
Hexes          | 2 |  2.0
Air Magic      | 1 2 |  2.0
Shields        | 3 4 |  4.9
Dodging        | |  2.6
Stealth        | |  3.0

Action                     |  1- 3 |  4- 6 |  7- 9 || total
---------------------------+-------+-------+-------++-------
  Melee: Short sword       |    65 |   114 |   124 ||   303
         Unarmed           |     6 |       |       ||     6
         Punch             |       |     4 |       ||     4
   Cast: Summon Small Mamm |     7 |     3 |       ||    10
         Call Imp          |     8 |       |       ||     8
         Call Canine Famil |     2 |    20 |    28 ||    50
         Summon Guardian G |       |       |     5 ||     5
         Summon Lightning  |       |       |     1 ||     1
  Evoke: Wand              |       |     2 |     4 ||     6
    Use: Scroll            |     2 |    10 |       ||    12
         Potion            |     2 |     2 |     1 ||     5
   Stab: Sleeping          |     6 |     4 |       ||    10
         Invisible         |     1 |     1 |       ||     2
         Distracted        |       |     3 |       ||     3
 Armour: Robe              |     9 |     8 |    11 ||    28
  Dodge: Dodged            |    55 |    88 |   112 ||   255
  Block: Buckler           |       |       |     7 ||     7

Table legend: (Time is in decaauts)
 A = Elapsed time spent in this place.
 B = Non-inter-level travel time spent in this place.
 C = Inter-level travel time spent in this place.
 D = Time resting spent in this place.
 E = Time spent auto-exploring this place.
 F = Levels seen in this place.
 G = Mean time per level.
                   A        B        C        D        E       F      G
               +--------+--------+--------+--------+--------+-----+--------+
         Total |   5179 |   5054 |    125 |    201 |   3725 |   7 |  739.9 |
       Dungeon |   5061 |   4955 |    106 |    201 |   3635 |   6 |  843.5 |
        Temple |    117 |     99 |     18 |      0 |     90 |   1 |  117.0 |
               +--------+--------+--------+--------+--------+-----+--------+

Top non-repeatable levels by time:
     D:5: 1594 daAuts
     D:4: 873 daAuts
     D:2: 790 daAuts
     D:1: 784 daAuts
     D:3: 582 daAuts
     D:6: 436 daAuts
  Temple: 117 daAuts
